 Dungeon Crawl Stone Soup version 0.16.2-12-gd0ad4c3 (webtiles) character file.

315 Peloso the Covered (level 6, -1/53 HPs)
             Began as a Minotaur Fighter on Oct 31, 2015.
             Killed by nerve-wracking pain
             ... invoked by an orc priest
              (6 damage)
             ... on level 3 of the Dungeon.
             The game lasted 00:08:29 (2234 turns).

Peloso the Covered (Minotaur Fighter)               Turns: 2234, Time: 00:08:29

Health: -1/53      AC:  7    Str: 21    XL:     6   Next: 20%
Magic:  3/3        EV:  8    Int:  5    God:
Gold:   108        SH: 10    Dex: 11    Spells: 0 memorised, 5 levels left

rFire  . . .     SeeInvis .     a - +0 long sword
rCold  . . .     Clarity  .     b - +0 scale mail
rNeg   . . .     SustAb   .     c - +0 shield
rPois  .         Gourm    .     (helmet restricted)
rElec  .         Spirit   .     (no cloak)
rCorr  .         Warding  .     (no gloves)
rMut   .         Stasis   .     (no boots)
MR     .....                    (no amulet)
Stlth  ..........               (no ring)
                                (no ring)

@: not resistant to hostile enchantments, extremely unstealthy
A: retaliatory headbutt, horns 2
a: no special abilities


You were on level 3 of the Dungeon.
You were hungry.

You visited 1 branch of the dungeon, and saw 3 of its levels.

You collected 108 gold pieces.

Inventory:

Hand weapons
 a - a +0 long sword (weapon)
 v - a +0 club
Armour
 b - a +0 scale mail (worn)
 c - a +0 shield (worn)
 t - a +0 chain mail
 u - a +0 pair of gloves
Scrolls
 j - 5 scrolls of identify
 s - 3 scrolls of remove curse
Potions
 e - 2 potions of might
 h - a potion of invisibility {unknown}
 k - 2 potions of ambrosia {unknown}
 q - a potion of poison {unknown}
 r - 2 potions of cancellation {unknown}
Comestibles
 d - 6 bread rations
 f - a chunk of flesh
 g - 2 beef jerkies
 n - a meat ration


   Skills:
 + Level 4.6 Fighting
 + Level 4.3 Long Blades
 + Level 5.2 Armour
 + Level 2.4 Dodging
 + Level 0.1 Stealth
 + Level 5.0 Shields


You had 5 spell levels left.
You didn't know any spells.

Dungeon Overview and Level Annotations

Branches:
Dungeon (3/15)

Altars:
Dithmenos
Makhleb


Innate Abilities, Weirdness & Mutations

You reflexively headbutt those who attack you in melee.
You have a pair of horns on your head.


Message History

You block the orc priest's attack. The orc hits you with a dagger.
* * * LOW HITPOINT WARNING * * *
The orc priest closely misses you.
Unknown command.
You closely miss the orc priest. Your headbutt misses the orc priest.
You block the orc's attack. You block the orc priest's attack.
Unknown command.
You hit the orc priest but do no damage.
The orc barely misses you. You block the orc priest's attack.
The orc hits you but does no damage.
Unknown command.
You closely miss the orc priest.
The orc priest invokes the aid of Beogh against you.
Something smites you!
* * * LOW HITPOINT WARNING * * *
The orc hits you but does no damage.
Unknown command.
The orc priest mumbles some strange prayers to Beogh against you.
Pain shoots through your body!
You die...

###≈# ≈≈#.# #≈#÷# ########## .
#≈#≈# #........# .# #≈#≈#
#.######.# .# ≈##.# #.# #.# o#
###.# #.# #.# .# ≈≈≈##
#.######.##.# ####
#.##.@....#.######
############.##)######.oo...o.
.............##oo....(........
###############.##############
###


You could see an orc priest.

Vanquished Creatures
  An ogre (D:3)
  A hound (D:3)
  An orc priest (D:3)
  7 adders
  A river rat (D:3)
  3 worms
  2 oozes
  3 orcs (D:3)
  7 bats
  6 giant cockroaches
  6 goblins
  7 hobgoblins
  2 jackals (D:3)
  A ball python (D:2)
  3 giant geckos
  2 giant newts
  11 kobolds
  17 rats
81 creatures vanquished.

Notes
Turn   | Place    | Note
--------------------------------------------------------------
     0 | D:1      | Peloso, the Minotaur Fighter, began the quest for the Orb.
     0 | D:1      | Reached XP level 1. HP: 19/19 MP: 1/1
   235 | D:1      | Reached XP level 2. HP: 27/27 MP: 1/1
   404 | D:1      | Reached skill level 4 in Fighting
   701 | D:2      | Reached XP level 3. HP: 29/33 MP: 2/2
   846 | D:2      | Reached skill level 1 in Dodging
   876 | D:2      | Reached XP level 4. HP: 16/40 MP: 2/2
   992 | D:2      | Found a shadowy altar of Dithmenos.
   992 | D:2      | Found a burning altar of Makhleb.
  1457 | D:3      | Reached XP level 5. HP: 39/46 MP: 2/2
  1907 | D:3      | Noticed an ogre
  1947 | D:3      | Killed an ogre
  1947 | D:3      | Reached skill level 5 in Armour
  2103 | D:3      | Reached XP level 6. HP: 51/53 MP: 3/3
  2227 | D:3      | Reached skill level 5 in Shields
  2234 | D:3      | Killed from afar by an orc priest

Action                   |  1- 3 |  4- 6 || total
-------------------------+-------+-------++-------
Melee: Long sword        |    93 |   139 ||   232
  Use: Scroll            |       |     6 ||     6
  Eat: Chunk             |       |     2 ||     2
       Royal jelly       |       |     1 ||     1
